 Dungeon Crawl Stone Soup version 0.23.2-1-ga50397a6bc (webtiles) character file.

Game seed: 16543243726847120632

130 Elkator the Ruffian (level 4, -2/35 HPs)
             Began as a Draconian Transmuter on May 31, 2019.
             Slain by a leopard gecko (3 damage)
             ... on level 3 of the Dungeon.
             The game lasted 00:15:57 (1952 turns).

Elkator the Ruffian (Draconian Transmuter)          Turns: 1952, Time: 00:15:58

Health: -2/35      AC:  5    Str: 13    XL:     4   Next: 90%
Magic:  8/8        EV: 12    Int: 14    God:
Gold:   89         SH:  0    Dex: 11    Spells: 5/8 levels left

rFire    . . .     SeeInvis .     - Unarmed
rCold    . . .     Gourm    .   (no shield)
rNeg     . . .     Faith    .   (armour unavailable)
rPois    .         Spirit   .   (helmet restricted)
rElec    .         Reflect  .   (no cloak)
rCorr    +         Harm     .   (no gloves)
MR       .....                  (no boots)
Stlth    +.........             (no amulet)
HPRegen  0.11/turn              l - ring of resist corrosion
MPRegen  0.11/turn              (no ring)

@: slowed, very slow
A: unfitting armour, cold-blooded, AC +5
a: no special abilities


You were on level 3 of the Dungeon.
You were not hungry.

You visited 1 branch of the dungeon, and saw 3 of its levels.

You collected 89 gold pieces.

Inventory:

Missiles
 a - 12 arrows
Jewellery
 l - a ring of resist corrosion (left hand)
Wands
 g - a wand of flame (23)
Scrolls
 d - a scroll of immolation {unknown}
 e - a scroll of enchant weapon
 h - a scroll of enchant armour {unknown}
 k - 2 scrolls of remove curse {unknown}
 m - a scroll of fear {unknown}
 n - 2 scrolls of identify
 p - a scroll of teleportation {unknown}
Potions
 b - a potion of degeneration {unknown}
 f - 3 potions of curing
 i - a potion of lignification {unknown}
 j - a potion of heal wounds {unknown}
 o - a potion of resistance {unknown}
Comestibles
 c - 4 rations


   Skills:
 + Level 1.2 Fighting
 + Level 2.7 Dodging
 + Level 4.2 Unarmed Combat
 + Level 2.9 Spellcasting
 + Level 2.4 Transmutations


You had 5 spell levels left.
You knew the following spells:

 Your Spells              Type           Power        Failure   Level  Hunger
a - Beastly Appendage     Tmut           #.....       8%          1    #......
b - Sticks to Snakes      Tmut           #.......     12%         2    ##.....

Your spell library contained the following spells:

 Spells                   Type           Power        Failure   Level  Hunger
 Spider Form              Tmut/Pois      #.........   36%         3    ###....
 Ice Form                 Ice/Tmut       #.......     78%         4    #####..
 Blade Hands              Tmut           #.........   91%         5    ######.


Dungeon Overview and Level Annotations

Branches:
Dungeon (3/15)

Altars:


Innate Abilities, Weirdness & Mutations

Your plain brown scales are hard. (AC +5)
You cannot fit into any form of body armour.
You are cold-blooded and may be slowed by cold attacks.


Message History

Beogh smites you!
* * * LOW HITPOINT WARNING * * *
The orc closely misses you.
Your horns disappear.
You hit the orc.
You kill the orc!
As you open the door, it creaks loudly!
You hear a shout!
You hear an angry hiss.
You hear a shout! x2
Found a stone staircase leading down.
A leopard gecko comes into view.
The orc wizard shouts!
The leopard gecko hisses angrily.
The orc wizard points at you and mumbles some strange words.
You feel yourself slow down.
The leopard gecko moves out of view.
There is an open door here.
An orc comes into view. It is wielding a +0 club.
An orc comes into view. It is wielding a +0 flail.
The orc hits you with a +0 hand axe!
* * * LOW HITPOINT WARNING * * *
The leopard gecko bites you.
You die...

#####..###.#
##.###.# ...
#..##.# ...
##.##o# ....
####.##o# .....
.....##'##.....
.......oo.#
..o...o...#
...o..l@..#
.....#..###
######.>. #####
###### #...<#
#.####


You could see an orc priest, an orc wizard, 5 orcs and a leopard gecko.

Vanquished Creatures
  Jessica (D:2)
  A gnoll (D:1)
  3 adders (D:2)
  2 oozes (D:2)
  2 leopard geckos (D:2)
  3 orcs (D:3)
  6 giant cockroaches
  5 goblins
  6 hobgoblins
  A quokka (D:2)
  2 ball pythons
  4 bats
  12 frilled lizards
  5 kobolds
  8 rats
61 creatures vanquished.

Notes
Turn   | Place    | Note
-------+----------+-------------------------------------------
     0 | D:1      | Elkator the Draconian Transmuter began the quest for the
                  | Orb.
     0 | D:1      | Reached XP level 1. HP: 16/16 MP: 3/3
   170 | D:1      | Reached XP level 2. HP: 19/23 MP: 3/5
   470 | D:1      | Reached XP level 3. HP: 28/28 MP: 4/6
   477 | D:1      | Learned a level 2 spell: Sticks to Snakes
   917 | D:2      | Noticed Jessica
   927 | D:2      | Killed Jessica
   990 | D:2      | Reached XP level 4. HP: 22/35 MP: 5/7
  1031 | D:2      | Reached skill level 4 in Unarmed Combat
  1951 | D:3      | HP: 1/35 [orc/+0 hand axe (8)]
  1952 | D:3      | Slain by a leopard gecko

Skill      XL: |  1  2  3  4 |
---------------+-------------+-----
Dodging        | 2 |  2.7
Unarmed Combat | 4 |  4.2
Fighting       | |  1.2
Spellcasting   | |  2.9
Transmutations | |  2.4

Action                   |  1- 3 |  4- 6 || total
-------------------------+-------+-------++-------
Melee: Unarmed           |   110 |    82 ||   192
       Kick              |     8 |     3 ||    11
       Headbutt          |     7 |     5 ||    12
       Tailslap          |     5 |     5 ||    10
       Punch             |       |     1 ||     1
 Cast: Beastly Appendage |    20 |    14 ||    34
  Use: Scroll            |     1 |     3 ||     4
 Stab: Sleeping          |     1 |       ||     1
  Eat: Chunk             |     1 |     3 ||     4
Armor: Skin              |    29 |    19 ||    48
Dodge: Dodged            |    55 |    43 ||    98
